 Dungeon Crawl Stone Soup version 0.28-a0-1087-gf3fc490d9d (webtiles) character file.

Game seed: 16131380979061277142

37 ytrimaz the Insei (level 3, 0/23 HPs)
             Began as an Octopode Transmuter on Dec 10, 2021.
             Succumbed to an adder's poison
             ... on level 2 of the Dungeon.
             The game lasted 00:01:19 (2196 turns).

ytrimaz the Insei (Octopode Transmuter)             Turns: 2196, Time: 00:01:20

Health: 0/23       AC:  1    Str:  9    XL:     3   Next: 41%
Magic:  6/6        EV: 13    Int: 17    God:
Gold:   57         SH:  0    Dex: 12    Spells: 0/6 levels left

rFire   . . .      SeeInvis .     - Unarmed
rCold   . . .      Faith    .   (no shield)
rNeg    . . .      Spirit   .   (helmet restricted)
rPois   .          Reflect  .   (no amulet)
rElec   .          Harm     .   (no ring)
rCorr   .          Rampage  .   (no ring)
Will    .....                   (no ring)
Stlth   ++........              (no ring)
HPRegen 0.07/turn               (no ring)
MPRegen 0.10/turn               (no ring)
                                (no ring)
                                (no ring)

@: lethally poisoned (0 -> 0)
A: almost no armour, amphibious, 8 rings, camouflage 1, gelatinous body 1,
(nimble swimmer 1), tentacles
a: no special abilities


You were on level 2 of the Dungeon.
You visited 1 branch of the dungeon, and saw 2 of its levels.

You collected 57 gold pieces.

Inventory:

Scrolls
 b - 2 scrolls of fog
Potions
 a - a potion of brilliance


   Skills:
 * Level 1.4 Fighting
 * Level 2.3 Dodging
 + Level 3.5 Unarmed Combat
 * Level 2.3 Spellcasting
 * Level 2.3 Transmutations


You couldn't memorise any spells.
You knew the following spells:

 Your Spells              Type           Power      Damage    Failure   Level
a - Beastly Appendage     Tmut           18%        N/A       8%          1
b - Wereblood             Tmut           9%         N/A       11%         2
c - Spider Form           Tmut/Pois      5%         N/A       34%         3

Your spell library contained the following spells:

 Spells                   Type           Power      Damage    Failure   Level
 Ice Form                 Ice/Tmut       5%         N/A       75%         4


Dungeon Overview and Level Annotations

Branches:
Dungeon (2/15)

Altars:

Shops:
D:1 :


Innate Abilities, Weirdness & Mutations

You cannot wear most types of armour.
You are amphibious.
You can wear up to eight rings at the same time.
Your skin changes colour to match your surroundings (Stealth+).
Your rubbery body absorbs attacks. (AC +1, EV +1)
((You are camouflaged near water. (Stealth+)))
You have tentacles for arms and can constrict up to eight enemies at once.


Message History

The adder poisons you!
Unknown command.
Unknown command.
Unknown command.
Okay, then.
You tentacle-slap the adder but do no damage.
Your grab misses the adder.
Your tentacle spike misses the adder.
The adder is moderately wounded.
Your transformation is almost over.
You feel sick. The adder barely misses you.
Unknown command.
Unknown command.
You closely miss the adder. Your grab misses the adder.
Your tentacle spike misses the adder.
The adder is moderately wounded.
You feel very sick. The adder closely misses you.
Unknown command.
Unknown command.
You tentacle-slap the adder but do no damage.
Your grab misses the adder.
You pierce the adder.
The adder is almost dead.
You feel sick. The adder bites you.
Unknown command.
Unknown command.
You tentacle-slap the adder.
You kill the adder!
* * * LOW HITPOINT WARNING * * *
You feel sick.
Unknown command.
* * * LOW HITPOINT WARNING * * *
You feel sick.
* * * LOW HITPOINT WARNING * * *
You feel sick.
* * * LOW HITPOINT WARNING * * *
You feel sick.
* * * LOW HITPOINT WARNING * * *
You feel sick.
Your tentacle spike disappears.
You die...

.......# #.##.#
##.###.###.##.## #.#
#.........######
#.#######...........
#(##..........###
#.##.####..##.# #.
#..##.#
#..##.#########
#..##..@.......
#..#####.#####. #..#
.# ...# .# .# .# ..
##


There were no monsters in sight!

Vanquished Creatures
  An adder (D:2)
  2 ball pythons (D:1)
  4 bats (D:1)
  4 endoplasms (D:1)
  A giant cockroach (D:1)
  3 hobgoblins (D:1)
  2 quokkas (D:1)
  2 frilled lizards (D:1)
  2 goblins
  3 kobolds (D:1)
  2 rats
26 creatures vanquished.

Notes
Turn   | Place    | Note
-------+----------+-------------------------------------------
     0 | D:1      | ytrimaz the Octopode Transmuter began the quest for the
                  | Orb.
     0 | D:1      | Reached XP level 1. HP: 13/13 MP: 3/3
   242 | D:1      | Found Udoit's Book Boutique.
   311 | D:1      | Reached XP level 2. HP: 18/18 MP: 5/5
   316 | D:1      | Found a faded altar of an unknown god.
  1203 | D:1      | Reached XP level 3. HP: 2/23 MP: 6/6
  1553 | D:1      | Learned a level 2 spell: Wereblood
  1557 | D:1      | Learned a level 3 spell: Spider Form
  2195 | D:2      | HP: 1/23 [poisoned by an adder]
  2196 | D:2      | Succumbed to an adder's poison

Illustrated notes

Levels and vault maps discovered:
D:1:      arrival_zaba_pyramid, layout_basic, serial_shops, shop,
          hellmonk_ecumenical_altar_lost_god
D:2:      layout_loops_ring, uniq_natasha

Action                   || total
-------------------------++-------
Melee: Unarmed           ||    66
       Constrict         ||    12
       Tentacles         ||    10
       Punch             ||     1
       Kick              ||     5
 Cast: Beastly Appendage ||     4
  Use: Scroll            ||     4
 Stab: Sleeping          ||     4
Armor: Skin              ||     8
Dodge: Dodged            ||    42

Table legend: (Time is in decaauts)
 A = Elapsed time spent in this place.
 B = Non-inter-level travel time spent in this place.
 C = Inter-level travel time spent in this place.
 D = Time resting spent in this place.
 E = Time spent auto-exploring this place.
 F = Levels seen in this place.
 G = Mean time per level.
                   A        B        C        D        E       F      G
               +--------+--------+--------+--------+--------+-----+--------+
         Total |   2191 |   2148 |     43 |      0 |   1950 |   2 | 1095.5 |
       Dungeon |   2191 |   2148 |     43 |      0 |   1950 |   2 | 1095.5 |
               +--------+--------+--------+--------+--------+-----+--------+

Top non-repeatable levels by time:
     D:1: 2145 daAuts
     D:2: 45 daAuts
